 Dungeon Crawl Stone Soup version 0.19-a0-1815-g4007336 (webtiles) character file.

99 dobroeutro the Skirmisher (level 4, -1/41 HPs)
             Began as a Minotaur Fighter on Oct 5, 2016.
             Slain by a hound (3 damage)
             ... on level 4 of the Dungeon.
             The game lasted 00:02:14 (1447 turns).

dobroeutro the Skirmisher (Minotaur Fighter)        Turns: 1447, Time: 00:02:14

Health: -1/41      AC:  7    Str: 21    XL:     4   Next: 45%
Magic:  3/3        EV:  7    Int:  5    God:
Gold:   168        SH:  9    Dex: 10    Spells: 0 memorised, 3 levels left

rFire  . . .     SeeInvis .     a - +0 war axe
rCold  . . .     Gourm    .     b - +0 scale mail
rNeg   . . .     Faith    .     c - +0 shield
rPois  .         Spirit   .     (helmet restricted)
rElec  .         Dismiss  .     (no cloak)
rCorr  .         Reflect  .     (no gloves)
MR     .....     Harm     .     (no boots)
Stlth  ..........               (no amulet)
                                (no ring)
                                t - ring of flight

@: no status effects
A: retaliatory headbutt, horns 2
a: Evoke Flight


You were on level 4 of the Dungeon.
You were not hungry.

You visited 1 branch of the dungeon, and saw 4 of its levels.

You collected 168 gold pieces.

Inventory:

Hand Weapons
 a - a +0 war axe (weapon)
Armour
 b - a +0 scale mail (worn)
 c - a +0 shield (worn)
Jewellery
 t - a ring of flight (left hand)
Scrolls
 e - a scroll of blinking {unknown}
 j - a scroll of fear {unknown}
 k - 2 scrolls of immolation {unknown}
 m - 3 scrolls of magic mapping {unknown}
 o - a scroll of enchant armour {unknown}
 p - a scroll of teleportation {unknown}
 s - a scroll of amnesia {unknown}
 u - 2 scrolls of identify {unknown}
Potions
 d - a potion of might
 l - a potion of resistance {unknown}
 n - a potion of agility {unknown}
 r - a potion of mutation {unknown}
 v - a potion of lignification {unknown}
Comestibles
 f - 3 bread rations
 g - 7 fruits
 h - a royal jelly
 i - 2 meat rations
 q - a beef jerky
 w - a chunk of flesh


   Skills:
 + Level 4.7 Fighting
 * Level 4.5 Axes
 - Level 4.0 Armour
 - Level 3.6 Shields


You had 3 spell levels left.
You didn't know any spells.

Dungeon Overview and Level Annotations

Branches:
Dungeon (4/15)
 Temple: D:4-7

Altars:
Cheibriados


Innate Abilities, Weirdness & Mutations

You reflexively headbutt those who attack you in melee.
You have a pair of horns on your head.


Message History

You hear the sound of rushing water.
There is an entrance to a sewer on this level.
Hurry and find it before the portal rusts away!
A leopard gecko, an iguana, a hound and a scorpion come into view.
The iguana hisses angrily.
Found 9 gold pieces.
Found a stone staircase leading up.
There is a stone staircase leading up here.
Your shield prevents you from hitting the hound.
The hound bites you but does no damage. x2
The leopard gecko bites you but does no damage.
The hound bites you but does no damage. The iguana bites you.
* * * LOW HITPOINT WARNING * * *
The leopard gecko bites you.
* * * LOW HITPOINT WARNING * * *
You block the iguana's attack. The hound bites you but does no damage.
You block the leopard gecko's attack. The iguana completely misses you.
You furiously retaliate!
You headbutt the iguana!
A hound comes into view.
There is a stone staircase leading up here.
The hound bites you.
You die...

#.....# #.
#...h.## #.
#.......#
#.###.....#.#
#.##........
#.........
######.##..#.##
.........h@...#
#####...ll$..#
#............
######..##..####.#
#....s..##..# #
..s.....$.##....
........#.###.###
###.....#.# .#
#.....#.#


You could see a scorpion, an iguana, 2 hounds and a leopard gecko.

Vanquished Creatures
  Terence (D:3)
  3 adders (D:3)
  2 worms
  3 leopard geckos
  3 giant cockroaches
  3 goblins (D:2)
  4 hobgoblins
  7 kobolds
  A quokka (D:3)
  5 bats
  4 frilled lizards
  3 rats
39 creatures vanquished.

Notes
Turn   | Place    | Note
-------+----------+-------------------------------------------
     0 | D:1      | dobroeutro the Minotaur Fighter began the quest for the Orb.
     0 | D:1      | Reached XP level 1. HP: 19/19 MP: 0/0
    97 | D:1      | Found a snail-covered altar of Cheibriados.
   368 | D:1      | Reached XP level 2. HP: 26/27 MP: 1/1
  1113 | D:2      | Reached XP level 3. HP: 33/33 MP: 2/2
  1396 | D:3      | Noticed Terence
  1410 | D:3      | Killed Terence
  1410 | D:3      | Reached XP level 4. HP: 14/41 MP: 3/3
  1443 | D:4      | HP: 2/41 [leopard gecko (1)]
  1447 | D:4      | Slain by a hound

Vault maps used:
D:1:      saegor_arrival_simple_f, cheibriados_altar_1
D:2:      first_bread, st_stairs_4, minmay_pentomino_w2
D:3:      kennysheep_generic_room_4, uniq_terence
D:4:      portal_sewer_entry_a, serial_shops, shop, shop_fountains, shop,
          grunt_decor_arrowhead

Skill      XL: |  1  2  3 |
---------------+----------+-----
Armour         | 4 |  4.0
Axes           | 3 4 |  4.5
Fighting       | 4 |  4.7
Shields        | |  3.6

Action                   |  1- 3 |  4- 6 || total
-------------------------+-------+-------++-------
Melee: War axe           |    87 |    10 ||    97
       Headbutt          |    13 |     1 ||    14
  Eat: Chunk             |     2 |       ||     2
Armor: Scale mail        |    48 |    11 ||    59
Dodge: Dodged            |    20 |     3 ||    23
Block: Shield            |    47 |     6 ||    53
